 Dungeon Crawl Stone Soup version 0.27-a0-1595-g0b823d0a13 (webtiles) character file.

Game seed: 10554078347654367977

65 Sweetruy1997 the Caller (level 4, 0/24 HPs)
             Began as a Kobold Summoner on July 21, 2021.
             Slain by an orc wizard (1 damage)
             ... on level 3 of the Dungeon.
             The game lasted 00:08:43 (3115 turns).

Sweetruy1997 the Caller (Kobold Summoner)           Turns: 3115, Time: 00:08:44

Health: 0/24       AC:  3    Str:  6    XL:     4   Next: 35%
Magic:  6/8        EV: 14    Int: 16    God:
Gold:   130        SH:  0    Dex: 15    Spells: 0/9 levels left

rFire    + . .     SeeInvis .   d - +1 dagger
rCold    x . .     Faith    .   (shield restricted)
rNeg     . . .     Spirit   .   e - +0 leather armour
rPois    .         Reflect  .   (no helmet)
rElec    .         Harm     .   (no cloak)
rCorr    .         Rampage  .   (no gloves)
Will     +....                  (no boots)
Stlth    +++.......             (no amulet)
HPRegen  0.08/turn              c - ring of willpower
MPRegen  0.11/turn              a - ring of fire

@: mighty
A: small, no large weapons, nightstalker 3
a: no special abilities


You were on level 3 of the Dungeon.
You visited 1 branch of the dungeon, and saw 3 of its levels.

You collected 130 gold pieces.

Inventory:

Hand Weapons
 d - a +1 dagger (weapon)
Armour
 e - a +0 leather armour (worn)
Jewellery
 a - a ring of fire (right hand)
 c - a ring of willpower (left hand)
Scrolls
 f - 2 scrolls of identify
Potions
 g - a potion of degeneration {unknown}


   Skills:
 + Level 0.8 Fighting
 + Level 0.5 Short Blades
 + Level 0.1 Armour
 + Level 2.6 Dodging
 + Level 3.4 Stealth
 + Level 3.1 Spellcasting
 + Level 4.5 Summonings


You couldn't memorise any spells.
You knew the following spells:

 Your Spells              Type           Power      Damage    Failure   Level
a - Summon Small Mammal   Summ           68%        N/A       4%          1
b - Call Imp              Summ           17%        N/A       7%          2
c - Call Canine Familiar  Summ           17%        N/A       14%         3
d - Summon Guardian Gole  Hex/Summ       9%         N/A       34%         3

Your spell library contained the following spells:

 Spells                   Type           Power      Damage    Failure   Level
 Summon Lightning Spire   Summ/Air       9%         N/A       75%         4


Dungeon Overview and Level Annotations

Branches:
Dungeon (3/15)

Altars:


Innate Abilities, Weirdness & Mutations

You are small and have problems with some larger weapons.
You are completely attuned to the shadows.


Message History

You closely miss something.
You hear some strange, mumbled words.
You are confused.
Are you sure you want to stumble around while confused and next to your crimson imp? [Y]es or [N]o only, please.
Are you sure you want to stumble around while confused and next to your crimson imp? [Y]es or [N]o only, please.
Are you sure you want to stumble around while confused and next to your crimson imp?
Okay, then.
You're too confused to cast spells.
Unknown command.
Are you sure you want to stumble around while confused and next to your crimson imp? [Y]es or [N]o only, please.
Are you sure you want to stumble around while confused and next to your crimson imp? [Y]es or [N]o only, please.
Are you sure you want to stumble around while confused and next to your crimson imp? [Y]es or [N]o only, please.
Are you sure you want to stumble around while confused and next to your crimson imp?
Okay, then.
Something hits you.
You hear some strange, mumbled words.
A magic dart appears from out of thin air!
The magic dart hits you. Something hits you.
* * * LOW HITPOINT WARNING * * *
Are you sure you want to stumble around while confused and next to your crimson imp?
You bump into the rock wall.
Something hits you.
* * * LOW HITPOINT WARNING * * *
You feel very mighty all of a sudden.
You hear some strange, mumbled words.
A puff of flame appears from out of thin air!
The puff of flame hits you. You resist.
* * * LOW HITPOINT WARNING * * *
Are you sure you want to stumble around while confused and next to your crimson imp?
You're too confused to move!
You feel less confused. Something barely misses you.
You miss something. Something hits you but does no damage.
You puncture something! Something hits you.
You die...

.... ....# #####..#
#...# #######...#..#
#...# #..#..'.).#.P#
#...#
#..'..###5#..####..(#
#######...5.........#
..555...⌠...........#
..........##+##{5P..#
.####.P##+# #@##.##
#(.#..# #.5#.#
#))'..# #.)# #
..####..#### ####
............ .. .##
#####.#....# #.#gg
#....... #5..
###...## #.###### ##
#...# #.gg§..#


You could see 2 friendly crimson imps.

Vanquished Creatures
  A gnoll (D:3)
  2 adders
  An adder skeleton (D:2)
  A dart slug (D:2)
  An orc (D:3)
  An endoplasm (D:2)
  A giant cockroach (D:3)
  4 goblins
  A hobgoblin (D:3)
  2 ball pythons
  A kobold (D:1)
  2 rats
18 creatures vanquished.

Vanquished Creatures (collateral kills)
  An adder (D:2)
  A dart slug (D:1)
  An orc (D:3)
  3 endoplasms
  3 giant cockroaches
  2 goblins
  3 hobgoblins
  2 jackals (D:3)
  2 kobolds
  2 quokkas (D:3)
  3 bats
  2 frilled lizards (D:1)
  3 rats
28 creatures vanquished.

Grand Total: 46 creatures vanquished

Notes
Turn   | Place    | Note
-------+----------+-------------------------------------------
     0 | D:1      | Sweetruy1997 the Kobold Summoner began the quest for the
                  | Orb.
     0 | D:1      | Reached XP level 1. HP: 10/10 MP: 3/3
   578 | D:1      | Reached XP level 2. HP: 13/15 MP: 3/5
   679 | D:1      | Learned a level 2 spell: Call Imp
  1756 | D:2      | Reached XP level 3. HP: 19/19 MP: 1/7
  1919 | D:2      | Learned a level 3 spell: Call Canine Familiar
  2597 | D:2      | Reached XP level 4. HP: 4/24 MP: 6/8
  2601 | D:2      | Learned a level 3 spell: Summon Guardian Golem
  3112 | D:3      | HP: 1/24 [something/puff of flame (3)]
  3115 | D:3      | Slain by an orc wizard

Illustrated notes

Levels and vault maps discovered:
D:1:      amcnicky_arrival_blooded_trapdoor, layout_loops_ring
D:2:      layout_basic, patterned_corridor
D:3:      corexii_shack_village, layout_loops_cross, old_standard_altar

Skill      XL: |  1  2  3 |
---------------+----------+-----
Spellcasting   | 3 |  3.1
Stealth        | 3 |  3.4
Fighting       | |  0.8
Short Blades   | |  0.5
Armour         | |  0.1
Dodging        | |  2.6
Summonings     | |  4.5

Action                   |  1- 3 |  4- 6 || total
-------------------------+-------+-------++-------
Melee: Unarmed           |     8 |       ||     8
       Dagger            |    41 |    24 ||    65
 Cast: Summon Small Mamm |    26 |       ||    26
       Call Imp          |    29 |     3 ||    32
  Use: Scroll            |     3 |       ||     3
       Potion            |       |     1 ||     1
 Stab: Sleeping          |     4 |     5 ||     9
       Distracted        |       |     1 ||     1
Armor: Robe              |     7 |       ||     7
       Leather armour    |     3 |     6 ||     9
Dodge: Dodged            |    37 |     8 ||    45

Table legend: (Time is in decaauts)
 A = Elapsed time spent in this place.
 B = Non-inter-level travel time spent in this place.
 C = Inter-level travel time spent in this place.
 D = Time resting spent in this place.
 E = Time spent auto-exploring this place.
 F = Levels seen in this place.
 G = Mean time per level.
                   A        B        C        D        E       F      G
               +--------+--------+--------+--------+--------+-----+--------+
         Total |   3113 |   3028 |     85 |    629 |   1891 |   3 | 1037.7 |
       Dungeon |   3113 |   3028 |     85 |    629 |   1891 |   3 | 1037.7 |
               +--------+--------+--------+--------+--------+-----+--------+

Top non-repeatable levels by time:
     D:1: 1363 daAuts
     D:2: 1362 daAuts
     D:3: 387 daAuts
